 Dungeon Crawl Stone Soup version 0.31-a0-117-g42d8f58691 (webtiles) character file.

Game seed: 8173558576497233092

49 voltaire321 the Stinger (level 3, 0/26 HPs)
             Began as a Merfolk Venom Mage on May 30, 2023.
             Killed by divine providence
             ... invoked by an orc priest
              (11 damage)
             ... on level 3 of the Dungeon.
             The game lasted 00:04:58 (1145 turns).

voltaire321 the Stinger (Merfolk Venom Mage)        Turns: 1145, Time: 00:04:59

Health: 0/26       AC:  3    Str: 10    XL:     3   Next: 77%
Magic:  5/6        EV: 13    Int: 20    God:
Gold:   110        SH:  4    Dex: 20    Spells: 3/6 levels left

rFire   . . .        c - +0 spear
rCold   . . .        d - +0 buckler
rNeg    . . .        a - +0 robe
rPois   .            q - +0 helmet
rElec   .            (no cloak)
rCorr   .            (no gloves)
SInv    .            (no boots)
Will    .....        (no amulet)
Stlth   ++           j - +6 ring of dexterity
HPRegen 0.24/turn    k - +6 ring of intelligence
MPRegen 0.10/turn

%: no passive effects
@: no status effects
A: (nimble swimmer 2), mertail
a: no special abilities


You were on level 3 of the Dungeon.
You visited 1 branch of the dungeon, and saw 3 of its levels.

You collected 110 gold pieces.

Inventory:

Hand Weapons
 c - a +0 spear (weapon)
Armour
 a - a +0 robe (worn)
 d - a +0 buckler (worn)
 q - a +0 helmet (worn)
Jewellery
 j - a +6 ring of dexterity (left hand)
 k - a +6 ring of intelligence (right hand)
Wands
 s - a wand of mindburst (18)
Scrolls
 h - 2 scrolls of teleportation {unknown}
 i - 5 scrolls of identify {unknown}
 l - a scroll of poison {unknown}
 n - a scroll of fear {unknown}
 p - a scroll of amnesia {unknown}
 r - a scroll of butterflies {unknown}
 t - a scroll of silence {unknown}
Potions
 b - a potion of magic
 e - 2 potions of curing {unknown}
 f - 4 potions of heal wounds {unknown}
 g - a potion of might {unknown}
 m - a potion of resistance {unknown}
 o - a potion of brilliance {unknown}


   Skills:
 + Level 1.1 Fighting
 + Level 0.8 Armour
 + Level 3.0 Dodging
 - Level 2.1 Stealth
 + Level 0.9 Shields
 + Level 2.3 Spellcasting
 - Level 2.0 Transmutations
 + Level 3.6 Poison Magic


You had 3 spell levels left.
You knew the following spells:

 Your Spells              Type           Power      Damage    Failure   Level
a - Sting                 Tmut/Pois      52%        1d5       8%          1
b - Poisonous Vapours     Pois/Air       18%        N/A       17%         2

Your spell library contained the following spells:

 Spells                   Type           Power      Damage    Failure   Level
 Mephitic Cloud           Conj/Pois/Air  7%         N/A       38%         3
 Olgreb's Toxic Radiance  Pois           16%        N/A       45%         4
 Storm Form               Tmut/Air       3%         N/A       100%        7
 Maxwell's Capacitive Co  Air            1%         ∞         100%        8


Dungeon Overview and Level Annotations

Branches:
Dungeon (3/15)

Altars:

Annotations:
D:3 Terence


Innate Abilities, Weirdness & Mutations

((You are very nimble when in or above water. (Stealth+, EV+, Speed+++)))
Your lower body shifts to a powerful aquatic tail in water.


Message History

Terence is wielding a +1 trident of venom.
Terence shouts!
The goblin shouts!
The adder hisses angrily.
You hit the goblin.
You kill the goblin!
Found a stone staircase leading down.
An orc priest comes into view. It is wielding a +0 short sword.
You reach to attack!
You barely miss Terence.
The orc priest shouts!
Terence hits you from afar with a +1 trident of venom.
You are poisoned.
The adder attacks as you move away! The adder bites you.
You feel very sick. Terence barely misses you. The adder misses you.
The adder attacks as you move away! The adder barely misses you.
You feel sick.
You feel sick.
You feel sick. You block the adder's attack.
Aiming: Sting (safe; 8% risk of failure)
Press: ? - help, Q - select action, (/) - cycle Shift-Dir - straight line, f/p - Terence
Aim: Terence, wielding a +1 trident of venom and wearing a +0 scale mail (75% to hit)
The sting misses the adder.
The sting misses Terence.
You feel sick. The adder bites you but does no damage.
Aiming: Sting (safe; 8% risk of failure)
Press: ? - help, Q - select action, (/) - cycle Shift-Dir - straight line, f - adder, p - Terence
Aim: an adder (53% to hit)
The sting hits the adder.
The adder is poisoned.
The adder is moderately wounded.
You feel sick. The adder closely misses you. Terence barely misses you.
You feel sick.
You see here a +0 robe.
The adder attacks as you move away! The adder bites you but does no damage.
You feel sick.
You are no longer poisoned.
The adder barely misses you. The adder attacks as you move away!
The adder bites you but does no damage. The adder attacks as you move away!
The adder barely misses you. You block the adder's attack.
The adder looks more healthy.
The adder completely misses you.
The orc priest calls down the wrath of Beogh upon you.
Beogh smites you!
You die...

#####..###....#
........#....
#####†##.#.# #......# ##
###.).## .# #...# #...
..# #...# >.##### ..#
#...# #####...... #.#
#...# ##S.@#.....#
.#####...###@###.#..#.##
...........## #......#..
...........# #)........
...........## ##.o..[....
###.#####.#.###.#........
#. #.##[..##@##.##.. #
#.######... .# #.# ..##


You could see Terence, an orc priest and an adder.

Vanquished Creatures
  2 worms (D:2)
  A dart slug (D:1)
  7 endoplasms
  2 giant cockroaches
  5 goblins
  2 hobgoblins
  2 kobolds
  2 ball pythons
  5 bats
  5 frilled lizards
  5 rats
38 creatures vanquished.

Notes
Turn   | Place    | Note
-------+----------+-------------------------------------------
     0 | D:1      | voltaire321 the Merfolk Venom Mage began the quest for the
                  | Orb.
     0 | D:1      | Reached XP level 1. HP: 13/13 MP: 3/3
   145 | D:1      | Reached XP level 2. HP: 15/20 MP: 5/5
   297 | D:1      | You fall into a shaft and drop 1 floor!
   549 | D:1      | Reached skill level 1 in Fighting
   567 | D:1      | Reached XP level 3. HP: 26/26 MP: 6/6
   878 | D:2      | Learned a level 2 spell: Poisonous Vapours
  1127 | D:3      | Noticed Terence
  1145 | D:3      | Killed from afar by an orc priest

Illustrated notes

Levels and vault maps discovered:
D:1:      lightli_arrival_noodles, layout_basic, minivault_27
D:2:      layout_rooms, minmay_heptomino_h4
D:3:      cheibrodos_fertilizer, layout_loops_cross, lemuel_flame_loot_1,
          uniq_terence

Skill      XL: |  1  2  3 |
---------------+----------+-----
Fighting       | 1 |  1.1
Dodging        | 3 |  3.0
Transmutations | 2 |  2.0
Armour         | |  0.8
Stealth        | |  2.1
Shields        | |  0.9
Spellcasting   | |  2.3
Poison Magic   | |  3.6

Action                     || total
---------------------------++-------
  Melee: Spear             ||   131
   Cast: Sting             ||     6
   Stab: Sleeping          ||    11
 Armour: Robe              ||    22
  Dodge: Dodged            ||    64
  Block: Buckler           ||    15

Table legend: (Time is in decaauts)
 A = Elapsed time spent in this place.
 B = Non-inter-level travel time spent in this place.
 C = Inter-level travel time spent in this place.
 D = Time resting spent in this place.
 E = Time spent auto-exploring this place.
 F = Levels seen in this place.
 G = Mean time per level.
                   A        B        C        D        E       F      G
               +--------+--------+--------+--------+--------+-----+--------+
         Total |   1166 |   1166 |      0 |     45 |    553 |   3 |  388.7 |
       Dungeon |   1166 |   1166 |      0 |     45 |    553 |   3 |  388.7 |
               +--------+--------+--------+--------+--------+-----+--------+

Top non-repeatable levels by time:
     D:1: 600 daAuts
     D:2: 478 daAuts
     D:3: 88 daAuts
